 Dungeon Crawl Stone Soup version 0.30-a0-913-g9934a0ce24 (webtiles) character file.

Game seed: 3252610477462628389

3733377 FexLirch the Sorcerer (level 27, 228/228 HPs)
             Began as a Mummy Necromancer on Mar 18, 2023.
             Was a High Priest of Kikubaaqudgha.
             Escaped with the Orb
             ... and 5 runes on Mar 19, 2023!
             The game lasted 10:26:20 (56913 turns).

FexLirch the Sorcerer (Mummy Necromancer)          Turns: 56913, Time: 10:26:20

Health: 228/228    AC: 19    Str: 18 (19) XL:     27
Magic:  28/50      EV: 22    Int: 32 (33) God:    Kikubaaqudgha [*****.]
Gold:   3117       SH:  9    Dex: 18      Spells: 1/72 levels left

rFire   + . .      SeeInvis +    f - +6 morningstar "Hofestri" {drain, rF+ Int+4}
rCold   + . .      Faith    +    h - +3 buckler of the Equator {Fly rElec rN++ Stlth-}
rNeg    + + +      Spirit   .    z - +4 troll leather armour
rPois   ∞          Reflect  .    k - +0 helmet of Kioniat {Str+4}
rElec   +          Rampage  .    E - scarf of Spite {shadows, Str+2 Int+3 Dex+5}
rCorr   .                        y - +2 pair of gloves
Will    +++..                    G - +2 pair of boots
Stlth   +                        j - amulet of magic regeneration
HPRegen 1.38/turn                L - ring of protection from fire
MPRegen 0.72/turn                e - ring of see invisible

@: death channelling, animating dead, flying, studying 2 skills
A: cold resistance 1, negative energy resistance 3, torment resistance 2, heat
vulnerability 1, in touch with death 2, no potions, faith
0: Orb of Zot
}: 5/15 runes: decaying, serpentine, slimy, silver, abyssal
a: Renounce Religion, Unearth Wretches, Torment


You escaped.
You worshipped Kikubaaqudgha.
Kikubaaqudgha was extremely pleased with you.
You visited 14 branches of the dungeon, and saw 58 of its levels.
You visited the Abyss 1 time.
You also visited: Ossuary, Ice Cave and Volcano.

You collected 10383 gold pieces.
You spent 7266 gold pieces at shops.

Inventory:

Hand Weapons
 f - the +6 morningstar "Hofestri" (weapon) {drain, rF+ Int+4}
   (You took it off a fenstrider witch on level 1 of the Swamp)

   Int:       It affects your intelligence (+4).
   rF:        It protects you from fire.
 o - the +7 broad axe "Fecwock" {speed, Will+ rCorr Str+3}
   (You found it on level 5 of the Lair of Beasts)

   Str:       It affects your strength (+3).
   rCorr:     It protects you from acid and corrosion.
   Will:      It increases your willpower.
 u - a +4 demon trident of electrocution
 I - the +8 flail "Zycruje" {freeze, rElec rPois rF- Int+2}
   (You found it on level 4 of the Snake Pit)

   Int:       It affects your intelligence (+2).
   rF:        It makes you vulnerable to fire.
   rElec:     It insulates you from electricity.
   rPois:     It protects you from poison.
 P - a +4 dagger of distortion
 S - a +9 trident of pain
 Y - a -2 demon whip of flaming
Missiles
 b - 14 boomerangs of dispersal
 w - 5 throwing nets
 x - 40 poisoned darts
 A - 13 javelins
Armour
 h - the +3 buckler of the Equator (worn) {Fly rElec rN++ Stlth-}
   (You acquired it on level 3 of the Lair of Beasts)

   rElec:     It insulates you from electricity.
   rN:        It greatly protects you from negative energy.
   Fly:       It grants you flight.
   Stlth:     It makes you less stealthy.
 k - the +0 helmet of Kioniat (worn) {Str+4}
   (You found it on level 4 of the Swamp)

   Str:       It affects your strength (+4).
 y - a +2 pair of gloves (worn)
 z - a +4 troll leather armour (worn)
 E - the scarf of Spite (worn) {shadows, Str+2 Int+3 Dex+5}
   (You acquired it on level 3 of the Swamp)

   Str:       It affects your strength (+2).
   Int:       It affects your intelligence (+3).
   Dex:       It affects your dexterity (+5).
 F - a +2 tower shield of cold resistance
 G - a +2 pair of boots (worn)
 Z - a +2 robe of resistance
Magical Staves
 B - a staff of death
 X - a staff of fire
Jewellery
 c - a ring of wizardry
 e - a ring of see invisible (right hand)
 i - a +5 ring of evasion
 j - an amulet of magic regeneration (around neck)
 l - the ring of Xom's Ringing Laughter {rC+ Will+ MP+9}
   (You found it on level 5 of the Pits of Slime)

   [ring of magical power]

   rC:        It protects you from cold.
   MP:        It affects your magic capacity (+9).
   Will:      It increases your willpower.
 v - a ring of wizardry
 J - a +6 ring of intelligence
 L - a ring of protection from fire (left hand)
 M - a ring of willpower
 O - the amulet "Piplal" {Harm rElec Will+++ Regen+ Str-5}
   (You found it on level 5 of the Pits of Slime)

   [amulet of regeneration]

   Str:       It affects your strength (-5).
   rElec:     It insulates you from electricity.
   Regen:     It increases your rate of health regeneration.
   Harm:      It increases damage dealt and taken.
   Will:      It greatly increases your willpower.
 V - a +6 ring of intelligence
 W - a ring of magical power
Wands
 r - a wand of acid (28)
 N - a wand of roots (30)
 T - a wand of digging (3)
Scrolls
 a - 9 scrolls of enchant armour
 d - a scroll of silence
 g - 12 scrolls of teleportation
 p - 7 scrolls of magic mapping
 q - 10 scrolls of vulnerability
 C - 21 scrolls of fog
 D - a scroll of torment
 H - 10 scrolls of immolation
 K - 8 scrolls of fear
 Q - 11 scrolls of amnesia
 R - 6 scrolls of noise
 U - 9 scrolls of poison
Miscellaneous
 m - a phial of floods
 s - a box of beasts
 t - a phantom mirror


   Skills:
 - Level 21.0 Fighting
 - Level 6.8 Polearms
 - Level 13.9 Armour
 - Level 16.4 Dodging
 - Level 1.5 Stealth
 - Level 5.1 Shields
 - Level 23.0 Spellcasting
 - Level 12.1 Conjurations
 - Level 17.3 Hexes
 - Level 12.4 Summonings
 - Level 22.7 Necromancy
 - Level 5.0 Translocations
 - Level 9.0 Ice Magic
 * Level 1.3 Air Magic
 - Level 14.5 Earth Magic


You had one spell level left.
You knew the following spells:

 Your Spells              Type           Power      Damage    Failure   Level
a - Infestation           Necr           80%        N/A       1%          8
b - Vampiric Draining     Necr           100%       2d13      0%          3
c - Animate Dead          Necr           100%       N/A       0%          4
d - Agony                 Necr           100%       N/A       0%          5
e - Haunt                 Necr/Summ      73%        N/A       1%          7
f - Death Channel         Necr           80%        N/A       0%          6
g - Borgnjor's Vile Clut  Necr/Erth      75%        N/A       0%          5
h - Apportation           Tloc           100%       N/A       1%          1
i - Anguish               Hex/Necr       76%        N/A       0%          4
j - Simulacrum            Ice/Necr       71%        N/A       1%          6
k - Dispel Undead         Necr           100%       3d31      0%          4
l - Blink                 Tloc           100%       N/A       1%          2
m - Enfeeble              Hex            49%        N/A       1%          7
n - Swiftness             Air            45%        N/A       1%          3
o - Iron Shot             Conj/Erth      44%        9d9       1%          6

Your spell library contained the following spells:

 Spells                   Type           Power      Damage    Failure   Level
 Kiss of Death            Conj/Necr      100%       2d13      0%          1
 Magic Dart               Conj           100%       1d8       0%          1
 Necrotise                Necr           100%       1d9       0%          1
 Sandblast                Erth           100%       2d20      0%          1
 Summon Small Mammal      Summ           100%       N/A       0%          1
 Foxfire                  Conj/Fire      100%       2x1d9     1%          1
 Shock                    Conj/Air       100%       1d9       1%          1
 Sting                    Tmut/Pois      100%       1d8       1%          1
 Ensorcelled Hibernation  Hex/Ice        100%       N/A       0%          2
 Searing Ray              Conj           100%       2d8       0%          2
 Confusing Touch          Hex            99%        N/A       0%          3
 Stone Arrow              Conj/Erth      100%       3d13      0%          3
 Summon Guardian Golem    Hex/Summ       93%        N/A       0%          3
 Cause Fear               Hex            49%        N/A       0%          4
 Leda's Liquefaction      Hex/Erth       47%        N/A       0%          4
 Cigotuvi's Dreadful Rot  Necr/Pois/Air  100%       N/A       1%          2
 Lesser Beckoning         Tloc           100%       N/A       1%          2
 Momentum Strike          Conj/Tloc      100%       3d10      1%          2
 Passwall                 Tmut/Erth      58%        N/A       1%          2
 Poisonous Vapours        Pois/Air       82%        N/A       1%          2
 Call Canine Familiar     Summ           86%        N/A       1%          3
 Frozen Ramparts          Ice            100%       1d16      1%          3
 Gell's Gravitas          Tloc           62%        N/A       1%          3
 Kindle Blastsparks       Fire/Tloc/Air  100%       2d18      1%          3
 Mephitic Cloud           Conj/Pois/Air  60%        N/A       1%          3
 Ozocubu's Armour         Ice            76%        N/A       1%          3
 Teleport Other           Tloc           62%        N/A       1%          3
 Vhi's Electric Charge    Tloc/Air       100%       N/A       1%          3
 Fulminant Prism          Conj/Hex       46%        3d20      1%          4
 Iskenderun's Mystic Bla  Conj/Tloc      75%        2d15      1%          4
 Manifold Assault         Tloc           62%        N/A       1%          4
 Petrify                  Tmut/Erth      70%        N/A       1%          4
 Sticky Flame             Conj/Fire      66%        2d8       1%          4
 Summon Ice Beast         Ice/Summ       82%        N/A       1%          4
 Summon Lightning Spire   Summ/Air       69%        N/A       1%          4
 Arcjolt                  Conj/Air       34%        1d44      1%          5
 Freezing Cloud           Conj/Ice/Air   35%        6-21      1%          5
 Iskenderun's Battlesphe  Conj           85%        2d13      1%          5
 Lee's Rapid Deconstruct  Erth           46%        3d22*     1%          5
 Lightning Bolt           Conj/Air       34%        1d51      1%          5
 Metabolic Englaciation   Hex/Ice        44%        N/A       1%          5
 Silence                  Hex/Air        38%        N/A       1%          5
 Summon Forest            Summ/Tloc      37%        N/A       1%          5
 Summon Mana Viper        Hex/Summ       93%        N/A       1%          5
 Yara's Violent Unravell  Hex/Tmut       37%        3d15      1%          5
 Summon Cactus Giant      Summ           43%        N/A       1%          6
 Fireball                 Conj/Fire      33%        3d14      2%          5
 Irradiate                Conj/Tmut      33%        3d22      2%          5
 Ignite Poison            Fire/Tmut/Pois 36%        N/A       3%          3
 Spellforged Servitor     Conj/Summ      43%        N/A       6%          7
 Summon Hydra             Summ           43%        N/A       6%          7
 Discord                  Hex            49%        N/A       6%          8
 Airstrike                Air            22%        2d(4-20)  7%          4
 Orb of Destruction       Conj           42%        9d12      7%          7
 Olgreb's Toxic Radiance  Pois           36%        N/A       12%         4
 Conjure Ball Lightning   Conj/Air       34%        3x3d11    12%         6
 Starburst                Conj/Fire      33%        6d10      16%         6
 Dispersal                Tloc           31%        N/A       22%         6
 Alistair's Intoxication  Tmut/Pois      24%        N/A       32%         5
 Lehudib's Crystal Spear  Conj/Erth      44%        10d11     32%         8
 Eringya's Noxious Bog    Tmut/Pois      18%        N/A       87%         6
 Shatter                  Erth           46%        3d35*     97%         9
 Disjunction              Tloc           31%        N/A       100%        8
 Ignition                 Fire           18%        3d7       100%        8
 Maxwell's Capacitive Co  Air            22%        ∞         100%        8
 Chain Lightning          Conj/Air       34%        3d45      100%        9
 Dragon's Call            Summ           43%        N/A       100%        9
 Fire Storm               Conj/Fire      33%        8d8       100%        9
 Polar Vortex             Ice            38%        N/A       100%        9
 Ice Form                 Ice/Tmut       Unusable   N/A       N/A         4
 Blade Hands              Tmut           Unusable   N/A       N/A         5
 Dragon Form              Tmut           Unusable   N/A       N/A         7
 Storm Form               Tmut/Air       Unusable   N/A       N/A         7

Dungeon Overview and Level Annotations

Branches:
Dungeon (15/15)            Temple (1/1) D:7            Lair (5/5) D:8
  Swamp (4/4) Lair:2        Snake (4/4) Lair:2        Slime (5/5) Lair:4
    Orc (2/2) D:10            Elf (3/3) Orc:2        Vaults (5/5) D:13
  Crypt (3/3) Vaults:2       Tomb (1/3) Crypt:3      Depths (4/4) D:15
   Hell (visited)             Zot (5/5) Depths:4    Ossuary (visited)
  IceCv (visited)         Volcano (visited)
    Dis: Hell:1         Geh: Hell:1         Coc: Hell:1         Tar: Hell:1

Altars:
Ashenzari
Cheibriados
Fedhas
Gozag
Hepliaklqana
Kikubaaqudgha
Makhleb
Nemelex Xobeh
Qazlal
Ru
Trog
Uskayaw
Vehumet
Yredelemnul
Jiyva

Shops:
D:1 ?:   D:2 *   D:7 *=   D:12 =   D:15 *   Orc:2 ([*   Elf:1 ![   Snake:1 :=
Snake:2 [:(!   Snake:3 *=::   Depths:3 ([*

Portals:
Hell: Depths:1 Depths:2 Depths:3 Depths:4
Abyss: Depths:1 Depths:3 Depths:4
Pandemonium: Depths:2 Depths:3 Depths:4
Ziggurat: Depths:2

Annotations:
D:12 3 runed translucent doors, komi's ghost, journeyman BaMo
Crypt:2 1 exclusion
Zot:3 3 runed translucent doors, Wefy's ghost, legendary GnIE; Zeaxzic Paph's ghost, veteran OgBe; bakla's ghost, master OpWr


Innate Abilities, Weirdness & Mutations

You are immune to poison.
Your flesh is cold resistant. (rC+)
You are immune to negative energy. (rN+++)
You are immune to unholy pain and torment.
You are vulnerable to heat. (rF-)
You are strongly in touch with the powers of death.
You do not drink.
You have a special connection with the divine. (Faith)


Message History

A yak and a steam dragon come into view.
Kikubaaqudgha calls piteous wretches from the earth!
A troll, 2 orcs and an ettin come into view.
Kikubaaqudgha calls piteous wretches from the earth!
A deep troll earth mage and a storm dragon come into view.
Casting: Borgnjor's Vile Clutch (safe; 0% risk of failure)
Confirm with . or Enter, or press ? or * to list all spells.
Aiming: Infestation (mildly dangerous; 1% risk of failure)
Press: ? - help, Dir - move target, f - storm dragon
Aim: a storm dragon (almost dead, paralysed)
You feel a strong surge of power!
You call forth a plague of scarabs!
The storm dragon is infested!
The ettin is infested!
The steam dragon is infested!
The troll is infested!
The deep troll is infested!
The deep troll earth mage is infested!
The yak is infested!
The orc is infested! x2
A nearby yak perishes wretchedly.
A nearby steam dragon perishes wretchedly.
A nearby troll perishes wretchedly.
A death scarab bursts from the troll!
A death scarab bursts from the steam dragon!
A death scarab bursts from the yak!
Casting: Infestation (mildly dangerous; 1% risk of failure)
Confirm with . or Enter, or press ? or * to list all spells.
You feel a strong surge of power!
Malign forces permeate your being, awaiting release.
A nearby orc perishes wretchedly. x2; A nearby ettin perishes wretchedly.
A nearby deep troll perishes wretchedly.
A death scarab bursts from the deep troll!
A death scarab bursts from the ettin!
A death scarab bursts from the orc! x2
Your death scarab bites the deep troll earth mage!!
The deep troll earth mage dies!
A death scarab bursts from the deep troll earth mage!
Casting: Death Channel (safe; 0% risk of failure)
Confirm with . or Enter, or press ? or * to list all spells.
You feel a strong surge of power!
You call upon the dead to rise.
A nearby storm dragon perishes wretchedly.
A death scarab bursts from the storm dragon!
Really read the scroll of noise?
As you read the scroll of noise, it crumbles to dust.
You hear a loud clanging noise!
You have escaped!

#..#..P.P.P.#..#.......♣
#..#.P.P.P.8#..#......♣♣
#..#..P.P...#..#.....♣♣
#..#.P...P..#..#...♣♣♣
##'#8.......##Z#..♣♣
##..##########BB##♣♣
#....#......#BZZB#
#....'......#BBBB#
##..##########B@## ####
####


You could see a friendly spectral orc, a friendly spectral deep troll, a
friendly spectral ettin and 9 friendly death scarabs.

Vanquished Creatures
  3 dread liches
  3 ancient liches
  4 orbs of fire
  Margery (Depths:1)
  3 golden dragons
  Jory (Crypt:3)
  A profane servitor (Zot:3)
  A bone dragon (Depths:1)
  An electric golem (Zot:5)
  5 tentacled monstrosities
  Jorgrun (D:13)
  8 Orb Guardians (Zot:5)
  A quicksilver dragon (Zot:4)
  4 deep elf blademasters
  5 liches
  5 acid blobs
  Frances (Swamp:1)
  A titan (Vaults:5)
  6 death cobs
  2 sphinxes
  An ancient champion (Crypt:3)
  5 draconian monks
  4 tengu reavers
  2 shadow dragons
  A rockslime (Slime:5)
  6 storm dragons
  Roxanne (Swamp:4)
  4 nagarajas
  A revenant (Tomb:1)
  2 fenstrider witches
  4 fire giants
  An azure jelly (Slime:4)
  3 draconian knights
  11 vault wardens
  Louise (Swamp:1)
  2 frost giants
  4 deep elf sorcerers
  2 spectral caustic shrikes (Depths:4)
  2 juggernaut zombies
  2 draconian shifters
  A ghost moth (Vaults:3)
  3 draconian scorchers
  2 orc warlords
  A caustic shrike zombie (Crypt:1)
  A cacodemon (Depths:2)
  2 draconian annihilators
  9 ironbound preservers
  2 deep elf elementalists
  A curse skull (Crypt:3)
  8 ghouls
  5 quicksilver oozes
  A war gargoyle (Vaults:3)
  14 vampire knights
  3 green draconians
  5 very ugly things
  5 stone giants
  6 ironbound thunderhulks
  A juggernaut skeleton (Crypt:2)
  3 dire elephants
  2 bunyips
  3 deep elf demonologists (Elf:3)
  4 red draconians
  A lorocyproca (Zot:1)
  A purple draconian (Zot:1)
  5 deep elf annihilators
  3 yellow draconians (Zot:3)
  8 black draconians
  2 white draconians
  4 deep elf death magi (Elf:3)
  A blizzard demon (D:14)
  5 ettins
  5 deep elf high priests
  3 mummy priests (Tomb:1)
  A shambling mangrove (Swamp:1)
  A quicksilver dragon zombie (Crypt:3)
  Fannar (Lair:1)
  4 fire dragons
  5 great orbs of eyes
  6 jiangshi
  4 rakshasas
  A spriggan zombie (Hell)
  An entropy weaver (Vaults:1)
  6 yaktaur captains
  11 vault guards
  7 hydras
  5 ice dragons
  A salamander tyrant (Snake:3)
  3 ogre magi
  A spriggan skeleton (Crypt:2)
  5 centaur warriors
  A peacekeeper (Vaults:3)
  A ghost crab (Swamp:1)
  3 spriggan air magi
  A fenstrider witch skeleton (Crypt:2)
  3 alligators
  3 two-headed ogres
  4 ironbound frosthearts
  5 boulder beetles
  4 vampire magi
  5 anacondas
  2 deep troll shamans
  7 tengu warriors
  3 naga warriors
  11 death scarabs (Tomb:1)
  5 deep troll earth magi
  16 dancing weapons
  2 thrashing horrors (Abyss:3)
  Amaemon (Lair:1)
  3 sun demons
  4 naga sharpshooters
  A spriggan berserker (Swamp:1)
  A shock serpent (Snake:4)
  6 deep elf knights
  3 iron trolls
  A soul eater (Crypt:3)
  A spatial maelstrom (Abyss:3)
  21 deep trolls
  3 hell knights (Depths:1)
  3 skysharks (Lair:5)
  18 skeletal warriors
  2 salamander mystics
  A sixfirhy (Abyss:3)
  Lodul (D:12)
  2 bunyip zombies
  A ghost moth zombie (Crypt:1)
  A flayed ghost (Depths:4)
  2 orange crystal statues (Abyss:3)
  4 swamp dragons
  5 glowing orange brains
  A shadow demon (Abyss:3)
  3 goliath frogs
  8 wizards
  7 naga ritualists
  2 bog bodies
  14 deep elf archers
  7 lindwurms
  2 harpies
  13 phantasmal warriors
  A bunyip skeleton (Crypt:1)
  3 ironbound convokers
  15 deep elf zephyrmancers
  6 orc knights
  17 deep elf pyromancers
  A tengu zombie (Vaults:4)
  2 shining eyes
  2 mana vipers
  7 necromancers
  9 cyclopes
  7 orc sorcerers
  A stone giant zombie (Crypt:3)
  8 salamanders
  2 manticores (D:14)
  An oklob plant (Lair:3)
  17 ugly things
  10 large abominations
  A frost giant skeleton (Crypt:1)
  15 black mambas
  7 elephants
  A shock serpent zombie (Crypt:3)
  3 guardian serpents
  3 molten gargoyles
  9 moths of wrath
  2 ice statues (IceCv)
  8 vault sentinels
  16 slime creatures
  2 eyes of devastation (Slime:2)
  A smoke demon (Abyss:3)
  2 apocalypse crabs (Zot:1)
  A gargoyle (D:11)
  An alligator snapping turtle zombie (Crypt:3)
  2 orange demons
  A fire giant skeleton (Crypt:1)
  7 naga magi
  Psyche (D:8)
  9 cane toads
  A catoblepas zombie (Crypt:2)
  3 freezing wraiths
  An ice devil (Hell)
  An unseen horror (D:11)
  8 yaktaurs
  3 kobold demonologists
  4 komodo dragons
  An efreet (Abyss:3)
  2 tengu conjurers
  6 rime drakes
  4 trolls
  2 harpy zombies
  A yaktaur skeleton (Vaults:3)
  A purple draconian skeleton (Crypt:1)
  A queen bee (shapeshifter) (D:15)
  5 red devils
  A meliai (D:15)
  A tyrant leech (Swamp:1)
  A bloated husk (Swamp:2)
  A polar bear (Lair:4)
  A nameless horror (Vaults:4)
  3 hornets
  4 blink frogs
  5 raiju (Abyss:3)
  5 dream sheep
  A death drake skeleton (Crypt:2)
  A fire giant simulacrum (Vaults:4)
  A harpy skeleton (Tomb:1)
  A radroach zombie (Crypt:1)
  A flying skull (Tomb:1)
  3 spriggans
  A culicivora (Vaults:1)
  3 wraiths
  A vampire (D:11)
  2 ynoxinuls
  An air elemental (Elf:1)
  An ushabti (Tomb:1)
  4 wyverns
  Eustachio (D:3)
  4 fire bats
  2 shadows
  A water elemental (Elf:1)
  22 yaks
  3 golden eyes (Slime:5)
  4 basilisks
  2 steam dragons (Lair:5)
  Grum (D:8)
  A death yak simulacrum (Lair:3)
  5 neqoxecs (Abyss:3)
  2 deep troll zombies (Crypt:2)
  4 wargs
  17 nagas
  3 swamp worms
  A spatial vortex (Abyss:3)
  3 hell hounds
  2 acid dragons
  11 water moccasins
  2 glowing shapeshifter skeletons
  A deep troll skeleton (Crypt:2)
  A swamp drake (Swamp:4)
  19 orc warriors
  A sky beast (D:7)
  2 black bears
  An ice beast (D:6)
  9 ogres
  3 centaurs
  A boggart (Vaults:2)
  4 wolves
  2 lemures
  A phantom (D:6)
  Blork the orc (D:5)
  A draconian zombie (Crypt:3)
  6 bullfrogs
  2 kobold brigands (Depths:3)
  4 earth elementals
  2 scorpions
  2 gnoll sergeants
  2 small abominations (Abyss:3)
  9 wights
  A lindwurm simulacrum (IceCv)
  9 killer bees (D:9)
  5 howler monkeys
  3 electric eels (Elf:1)
  A troll skeleton (Crypt:1)
  A wolf zombie (Crypt:2)
  4 komodo dragon simulacra (IceCv)
  2 centaur zombies (Ossuary)
  4 hounds
  13 orc priests
  3 starcursed masses (Abyss:3)
  A gnoll bouda (D:7)
  A sleepcap (D:8)
  3 iguanas
  20 orc wizards
  A hound skeleton (Crypt:3)
  9 mummies
  17 gnolls
  4 acid dragon simulacra (IceCv)
  4 adders
  A shadow imp (D:5)
  A white imp (D:6)
  An ufetubus (D:6)
  9 steam dragon simulacra (IceCv)
  An iguana zombie (Crypt:3)
  6 worms
  5 dart slugs
  56 orcs
  6 ball pythons
  11 endoplasms
  3 giant cockroaches
  32 goblins
  24 hobgoblins
  2 quokkas (D:1)
  5 bats
  2 frilled lizards (D:1)
  5 hobgoblin zombies
  7 kobolds
  5 rats
1258 creatures vanquished.

Vanquished Creatures (collateral kills)
  the Royal Jelly (Slime:5)
  2 dread liches
  An ancient lich (Zot:5)
  9 orbs of fire
  Mennas (Tomb:1)
  Parghit (Depths:3)
  Boris (Tomb:1)
  the Lernaean hydra (Swamp:4)
  Frederick (Depths:3)
  3 Killer Klowns (Zot:5)
  Geryon (Hell)
  2 curse toes
  A bone dragon (Depths:4)
  Nikola (Swamp:4)
  5 golden dragons
  4 electric golems
  A doom hound (Hell)
  15 tentacled monstrosities
  2 deep elf blademasters
  3 liches
  16 Orb Guardians (Zot:5)
  4 quicksilver dragons
  2 deep elf master archers (Elf:3)
  5 titans (Vaults:5)
  27 acid blobs
  2 tentacled starspawn (Abyss:3)
  An ancient champion (Crypt:3)
  7 death cobs
  6 tengu reavers
  9 sphinxes
  A thorn hunter (Swamp:3)
  11 shadow dragons
  Kirke (Swamp:2)
  14 storm dragons
  3 nagarajas (Snake:4)
  7 draconian monks
  3 fenstrider witches
  15 azure jellies
  3 revenants
  6 fire giants
  12 rockslimes
  11 vault wardens
  A balrug (Hell)
  2 ghost moths
  5 frost giants
  4 draconian knights
  6 deep elf sorcerers
  An iron dragon (Vaults:5)
  3 draconian scorchers
  Aizul (Swamp:2)
  A cacodemon (Hell)
  9 draconian annihilators
  7 draconian shifters
  4 draconian stormcallers
  A deep elf elementalist (Depths:4)
  9 ironbound preservers
  2 spectral caustic shrikes (Depths:4)
  8 ghouls
  8 quicksilver oozes
  2 orc warlords
  2 war gargoyles
  4 reapers
  20 very ugly things
  11 stone giants
  4 eleionomae
  3 ironbound thunderhulks
  12 vampire knights
  2 bennus (Tomb:1)
  8 green draconians
  5 dire elephants
  2 deep elf demonologists
  10 white draconians
  4 bunyips
  A lorocyproca (Hell)
  13 yellow draconians
  10 red draconians
  5 deep elf annihilators
  8 purple draconians
  12 black draconians
  12 ettins
  2 entropy weavers
  4 mummy priests (Tomb:1)
  2 fire dragons
  6 deep elf death magi
  A quicksilver dragon zombie (Crypt:2)
  4 eidola
  8 great orbs of eyes
  2 deep elf high priests (Elf:3)
  6 yaktaur captains
  Josephine (Swamp:1)
  7 jiangshi
  An elf zombie (Elf:3)
  2 shambling mangroves (Swamp:4)
  A peacekeeper (Vaults:4)
  5 ice dragons
  3 spriggan zombies
  A quicksilver dragon skeleton (Crypt:2)
  A salamander tyrant (Snake:4)
  An ogre mage (Vaults:5)
  22 vault guards
  2 ghost crabs
  3 spriggan air magi
  A rakshasa (Depths:3)
  A spriggan skeleton (Tomb:1)
  15 hydras
  5 ironbound frosthearts
  A boulder beetle (shapeshifter) (Depths:1)
  3 anacondas (Snake:1)
  6 centaur warriors
  A fenstrider witch skeleton (Crypt:2)
  3 boulder beetles
  3 death knights
  11 alligators
  A death yak (Lair:1)
  2 two-headed ogres
  6 deep troll shamans
  26 death scarabs (Tomb:1)
  11 naga warriors
  A tengu warrior (D:15)
  7 shock serpents
  7 deep troll earth magi
  A titan zombie (Crypt:3)
  18 dancing weapons
  7 vampire magi
  2 thrashing horrors (Abyss:3)
  An orc high priest (Orc:2)
  4 spriggan berserkers
  4 hell knights
  3 naga sharpshooters (Snake:4)
  6 deep elf knights
  Nergalle (Lair:1)
  3 sun demons
  4 goliath frogs
  7 iron trolls
  A skyshark (Lair:2)
  3 wretched stars (Abyss:3)
  4 soul eaters
  2 sixfirhies (Hell)
  A salamander mystic (Snake:4)
  A fire crab (Lair:5)
  5 naga ritualists
  38 deep trolls
  A shadow wraith (Crypt:3)
  24 skeletal warriors
  A spriggan rider (Depths:3)
  A spriggan simulacrum (Hell)
  A tengu zombie (Vaults:4)
  3 spriggan druids
  A glowing orange brain (Depths:4)
  9 swamp dragons
  3 flayed ghosts
  2 wizards
  Pikel (D:4)
  18 ironbound convokers
  7 harpies
  3 bog bodies
  14 deep elf zephyrmancers
  13 phantasmal warriors
  2 orc knights
  3 deep elf archers (Elf:2)
  7 necromancers
  13 deep elf pyromancers
  7 lindwurms
  A cyclops (D:11)
  2 salamanders
  21 ugly things
  5 mana vipers
  A stone giant zombie (Crypt:2)
  7 will-o-the-wisps
  A shadow dragon skeleton (Vaults:3)
  A glowing shapeshifter (Vaults:5)
  2 manticores (D:14)
  2 shining eyes
  A human zombie (Vaults:4)
  21 moths of wrath
  A rust devil (Depths:3)
  A jorogumo skeleton (Crypt:1)
  3 centaur zombies (Crypt:3)
  13 vault sentinels
  14 black mambas
  A naga zombie (Crypt:3)
  17 naga magi
  An eleionoma skeleton (Crypt:3)
  7 elephants
  A molten gargoyle (Lair:5)
  3 cane toads
  3 smoke demons
  An apocalypse crab (Abyss:3)
  2 eyes of devastation
  3 guardian serpents
  An alligator snapping turtle zombie (Crypt:2)
  2 orange demons
  A sea snake zombie (Crypt:3)
  4 komodo dragons
  A tormentor (Abyss:3)
  An iron troll zombie (Crypt:2)
  25 yaktaurs
  4 ancient zymes (Abyss:3)
  An efreet (D:14)
  3 freezing wraiths
  8 guardian mummies (Tomb:1)
  A tengu conjurer (D:14)
  2 harpy zombies (Crypt:3)
  A troll (D:14)
  4 hornets
  A hellwing (Abyss:3)
  2 meliai (D:15)
  A red devil (Hell)
  3 raiju (Abyss:3)
  8 blink frogs
  5 tyrant leeches
  A dream sheep (shapeshifter) (Vaults:5)
  A hydra skeleton (Hell)
  A dream sheep (Lair:5)
  An ettin zombie (Vaults:3)
  75 slime creatures
  3 flying skulls (Tomb:1)
  A black mamba zombie (Crypt:1)
  A centaur simulacrum (D:14)
  A shadow (D:13)
  3 air elementals
  16 yaks
  A culicivora (shapeshifter) (D:14)
  6 fire bats
  2 wyverns (Lair:5)
  15 wraiths
  A neqoxec (Abyss:3)
  A water elemental (Elf:3)
  5 golden eyes
  4 basilisks
  A fire elemental (Lair:3)
  2 steam dragons
  A death yak simulacrum (Lair:3)
  A redback (shapeshifter) (Depths:1)
  A redback (Vaults:1)
  3 vampire mosquitoes (D:14)
  A warg (Orc:2)
  3 spatial vortices (Abyss:3)
  8 large abominations (Abyss:3)
  19 nagas
  5 hell hounds
  6 swamp worms
  6 water moccasins
  A demonspawn skeleton (Tomb:1)
  A faun skeleton (Crypt:1)
  A floating eye (Depths:3)
  6 swamp drakes
  A deep troll skeleton (Crypt:1)
  A sky beast (shapeshifter) (Vaults:5)
  An ice beast (D:5)
  4 naga skeletons
  5 orc warriors
  5 ogres
  A lindwurm skeleton (Crypt:3)
  3 wolves (Lair:5)
  A lemure (D:4)
  4 bullfrogs
  3 necrophages
  A naga simulacrum (Hell)
  2 earth elementals
  2 small abominations (Abyss:3)
  A killer bee (D:9)
  A lindwurm simulacrum (IceCv)
  An elephant simulacrum (Lair:3)
  8 howler monkeys
  11 lava snakes
  A komodo dragon simulacrum (IceCv)
  3 orc priests
  A jelly (Lair:4)
  2 starcursed masses (Abyss:3)
  A bullfrog skeleton (Crypt:1)
  An iguana (D:5)
  An iron imp (Abyss:3)
  A gnoll bouda (D:5)
  5 orc wizards
  18 mummies (Tomb:1)
  9 gnolls
  An acid dragon simulacrum (IceCv)
  A white imp (D:5)
  A dart slug (D:4)
  19 orcs
  A ball python (D:1)
  5 goblins (D:5)
  3 hobgoblins (D:5)
  2 kobolds
  A rat (D:3)
  2 briar patches (Swamp:3)
  2 bushes (D:14)
  A creeping inferno (Hell)
  3 fire vortices (Hell)
  A starspawn tentacle (Abyss:3)
1452 creatures vanquished.

Vanquished Creatures (others)
  5 golden dragons
  6 quicksilver dragons
  An Orb Guardian (Zot:5)
  A titan (Vaults:5)
  5 storm dragons
  The ghost of Meok the Executioner, an adept MiFi of Gozag (Snake:3)
  A tengu reaver (Hell)
  2 draconian monks
  2 shadow dragons
  The ghost of Twinkles the Warrior, an adept BaHs of Hepliaklqana (Swamp:1)
  2 fenstrider witches
  2 azure jellies
  An iron dragon (Hell)
  5 draconian knights
  A ghost moth (Crypt:1)
  2 vault wardens (Vaults:5)
  2 nagarajas
  2 draconian stormcallers
  5 draconian scorchers
  A ghoul (Swamp:1)
  3 quicksilver oozes
  2 ironbound preservers
  2 stone giants (Hell)
  2 war gargoyles
  2 draconian annihilators
  A green draconian (Zot:5)
  5 black draconians
  4 red draconians
  A deep elf annihilator (Abyss:3)
  A dire elephant (Crypt:3)
  6 white draconians
  2 purple draconians (Zot:5)
  A bunyip (Swamp:1)
  An acid blob zombie (Slime:5)
  3 ettins
  A very ugly thing zombie (Abyss:3)
  4 yaktaur captains
  An entropy weaver (Vaults:1)
  3 great orbs of eyes
  A fire dragon (Depths:3)
  3 hydras
  3 fenstrider witch zombies
  A spriggan air mage (Hell)
  An ogre mage (Crypt:1)
  An ironbound frostheart (Vaults:5)
  3 anacondas
  4 centaur warriors
  An Orb Guardian zombie (Zot:5)
  2 boulder beetles
  A demigod zombie (Depths:3)
  A naga warrior (Snake:4)
  A storm dragon zombie (Zot:2)
  A shock serpent (Snake:3)
  7 naga sharpshooters
  10 deep elf knights
  2 goliath frogs
  A salamander mystic (Snake:3)
  An anaconda zombie (Snake:1)
  A deep troll (shapeshifter) (D:1)
  2 deep trolls (Vaults:3)
  A ghost moth zombie (Zot:4)
  A bog body (Swamp:2)
  2 bunyip zombies
  3 naga ritualists (Snake:4)
  3 deep elf archers
  An ironbound convoker (Vaults:1)
  A swamp dragon (Swamp:4)
  A lindwurm (Vaults:5)
  A harpy (Crypt:3)
  A wizard (Vaults:5)
  8 deep elf zephyrmancers
  2 orc sorcerers (Orc:2)
  2 goliath frog zombies
  2 mana vipers (Snake:4)
  2 frost giant zombies (Vaults:5)
  A sphinx zombie (Vaults:5)
  6 deep elf pyromancers
  4 ugly thing zombies
  3 draconian zombies (Zot:5)
  16 moths of wrath
  A cyclops (D:14)
  A cyclops (shapeshifter) (Abyss:3)
  3 ugly things
  3 salamanders
  2 shock serpent zombies
  3 vault sentinels
  4 black mambas
  4 naga magi
  A large abomination (Abyss:3)
  6 human zombies
  A komodo dragon (Lair:4)
  A white draconian zombie (Zot:5)
  A red draconian zombie (Zot:5)
  A freezing wraith (D:14)
  A rime drake (IceCv)
  2 iron troll zombies
  A swamp worm zombie (Swamp:4)
  A yaktaur (Vaults:3)
  A green draconian zombie (Zot:3)
  A harpy zombie (Vaults:1)
  A mana viper zombie (Snake:4)
  3 trolls
  2 hydra zombies
  A tyrant leech (Swamp:1)
  2 moth of wrath zombies (Zot:2)
  3 meliai zombies (D:15)
  An alligator zombie (Swamp:1)
  An ettin zombie (Vaults:5)
  A raiju (Hell)
  4 guardian serpent zombies
  3 slime creatures
  5 black mamba zombies
  A spriggan zombie (Swamp:3)
  A human (Swamp:2)
  8 yaks
  A steam dragon (D:1)
  7 slime creature zombies
  6 deep troll zombies (Depths:2)
  6 fire bat zombies (Volcano)
  A two-headed ogre zombie (D:12)
  7 nagas
  A warg (Orc:2)
  A water moccasin (Lair:4)
  3 cane toad zombies
  An entropy weaver zombie (Vaults:1)
  A glowing shapeshifter zombie (Vaults:5)
  6 orc warriors
  A dream sheep zombie (Vaults:5)
  A ghost crab zombie (Swamp:1)
  24 elf zombies
  4 blink frog zombies (Lair:5)
  A lindwurm zombie (Vaults:1)
  A wolf (Lair:4)
  3 ogres (Orc:2)
  4 rime drake zombies
  45 naga zombies
  An apocalypse crab zombie (Abyss:3)
  A komodo dragon zombie (Lair:4)
  4 yaktaur zombies
  6 salamander zombies
  A cyclops zombie (Abyss:3)
  3 hell hound zombies
  2 water moccasin zombies
  A warg zombie (Orc:2)
  8 yak zombies
  4 wolf zombies
  A bullfrog zombie (Lair:1)
  3 centaur zombies
  A basilisk zombie (Lair:2)
  An orc wizard (D:12)
  3 killer bee zombies (D:9)
  A sky beast zombie (D:7)
  An acid dragon zombie (D:9)
  5 ogre zombies
  4 howler monkey zombies
  A swamp drake zombie (Swamp:4)
  2 lava snake zombies (Volcano)
  6 orcs
  11 gnoll zombies
  5 goblin zombies (D:5)
  4 hobgoblin zombies (D:5)
  2 kobold zombies
  44 orc zombies
  A bush (D:14)
  A fire vortex (Hell)
  9 foxfires
  39 fungi
  61 plants
  18 starspawn tentacles (Abyss:3)
658 creatures vanquished.

Grand Total: 3368 creatures vanquished

Notes
Turn   | Place    | Note
-------+----------+-------------------------------------------
     0 | D:1      | FexLirch the Mummy Necromancer began the quest for the Orb.
     0 | D:1      | Reached XP level 1. HP: 13/13 MP: 4/4
   177 | D:1      | Found Zous's Magic Scroll Boutique.
   202 | D:1      | Reached skill level 3 in Spellcasting
   206 | D:1      | Reached XP level 2. HP: 16/19 MP: 0/6
   543 | D:1      | Found Zimaas's Book Emporium.
   577 | D:1      | Gained mutation: You are in touch with the powers of death.
                  | [Mummy growth]
   577 | D:1      | Reached XP level 3. HP: 24/24 MP: 0/7
   586 | D:1      | Learned a level 3 spell: Vampiric Draining
  1164 | D:2      | Reached skill level 5 in Necromancy
  1390 | D:2      | Reached XP level 4. HP: 30/30 MP: 7/9
  1556 | D:2      | Found a faded altar of an unknown god.
  1770 | D:2      | Found Ocuhuhy's Assorted Antiques.
  1834 | D:1      | Bought a scroll of teleportation for 39 gold pieces
  1834 | D:1      | Bought a scroll of identify for 26 gold pieces
  1953 | D:3      | Learned a level 4 spell: Animate Dead
  2039 | D:3      | Reached skill level 4 in Spellcasting
  2089 | D:3      | Found a snail-covered altar of Cheibriados.
  2322 | D:3      | Found a hide-covered altar of Uskayaw.
  2443 | D:4      | Noticed a lemure
  2463 | D:4      | Noticed Eustachio
  2512 | D:4      | Noticed a lemure
  2512 | D:4      | Noticed a steam dragon
  2566 | D:4      | Reached XP level 5. HP: 33/35 MP: 8/11
  2587 | D:4      | Found a basalt altar of Yredelemnul.
  2700 | D:4      | Learned a level 5 spell: Agony
  2738 | D:4      | Reached XP level 6. HP: 41/41 MP: 10/13
  2743 | D:4      | Reached skill level 5 in Spellcasting
  3278 | D:3      | Killed Eustachio
  3279 | D:3      | Reached XP level 7. HP: 39/46 MP: 4/15
  3381 | D:5      | Entered Level 5 of the Dungeon
  3427 | D:5      | Reached skill level 6 in Spellcasting
  3468 | D:5      | Found a broken altar of Ashenzari.
  3620 | D:5      | Noticed Blork the orc
  3630 | D:5      | Killed Blork the orc
  3723 | D:5      | Reached XP level 8. HP: 24/52 MP: 14/18
  3902 | D:5      | Identified the +4 quarterstaff of Gozag's Wrath {holy,
                  | *Slow Str+4}
  3924 | D:5      | Reached skill level 7 in Spellcasting
  4800 | D:6      | Reached skill level 8 in Spellcasting
  4942 | D:6      | Reached skill level 10 in Necromancy
  4954 | D:6      | Found a sand-covered staircase.
  4959 | Ossuary  | Entered an ossuary
  5424 | D:6      | Reached XP level 9. HP: 41/58 MP: 18/21
  5570 | D:6      | Reached skill level 1 in Fighting
  6606 | D:7      | Found a blossoming altar of Fedhas.
  6607 | D:7      | Found a sparkling altar of Nemelex Xobeh.
  6609 | D:7      | Found a staircase to the Ecumenical Temple.
  6623 | Temple   | Entered the Ecumenical Temple
  6637 | Temple   | Became a worshipper of Kikubaaqudgha
  6962 | D:7      | Found Muek's Assorted Antiques.
  7016 | D:7      | HP: 2/62 [wight/+0 halberd (10)]
  7618 | D:7      | Found Nulagaiq's Jewellery Shop.
  8147 | D:7      | Upgraded the game from 0.30-a0-883-g5ad918d77d to
                  | 0.30-a0-900-g23479c02f2
  8324 | D:8      | Found a bloodstained altar of Trog.
  8500 | D:8      | Noticed Grum
  8725 | D:8      | Killed Grum
  8768 | D:8      | Reached * piety under Kikubaaqudgha
  8768 | D:8      | Received a gift from Kikubaaqudgha
  8783 | D:8      | Learned a level 2 spell: Cigotuvi's Dreadful Rot
  8968 | D:8      | Noticed Psyche
  8981 | D:8      | Killed Psyche
  8982 | D:8      | Reached XP level 10. HP: 48/60 MP: 22/22
  9035 | D:8      | Found a staircase to the Lair.
  9140 | D:8      | Identified the +7 war axe "Seiwni" {holy, rC+}
  9688 | D:9      | Found a burning altar of Makhleb.
  9987 | D:9      | Reached ** piety under Kikubaaqudgha
  9988 | D:9      | Reached skill level 5 in Fighting
 10001 | D:9      | Identified the +3 rapier "Joijyaj" {freeze, *Slow rPois
                  | Str+3}
 10615 | D:10     | Entered Level 10 of the Dungeon
 10790 | D:10     | Reached skill level 5 in Dodging
 11190 | D:10     | Reached XP level 11. HP: 81/81 MP: 23/23
 11310 | D:10     | Reached *** piety under Kikubaaqudgha
 11310 | D:10     | Received a gift from Kikubaaqudgha
 11342 | D:10     | Learned a level 6 spell: Death Channel
 11348 | D:10     | Learned a level 5 spell: Borgnjor's Vile Clutch
 11354 | D:10     | Found a staircase to the Orcish Mines.
 11830 | D:11     | Noticed a two-headed ogre
 11835 | D:11     | Killed a two-headed ogre
 11836 | D:11     | Reached skill level 1 in Earth Magic
 11848 | D:11     | Noticed a two-headed ogre
 11854 | D:11     | Killed a two-headed ogre
 12053 | D:11     | Noticed a boulder beetle
 12059 | D:11     | Killed a boulder beetle
 12510 | D:12     | Noticed a green ugly thing
 12518 | D:12     | Noticed a centaur warrior
 12519 | D:12     | Noticed a seven-headed hydra
 12521 | D:12     | Killed a green ugly thing
 12524 | D:12     | Killed a centaur warrior
 12540 | D:12     | Noticed Lodul
 12546 | D:12     | Killed Lodul
 12546 | D:12     | Reached **** piety under Kikubaaqudgha
 12559 | D:12     | Noticed a boulder beetle
 12569 | D:12     | Killed a boulder beetle
 12570 | D:12     | Reached XP level 12. HP: 89/92 MP: 10/24
 12937 | D:12     | Noticed a two-headed ogre
 12942 | D:12     | Killed a two-headed ogre
 12948 | D:12     | Found Dauna's Jewellery Shoppe.
 12951 | D:12     | Bought a ring of magical power for 320 gold pieces
 13089 | D:12     | Found a runed translucent gate.
 13089 | D:12     | Found a runed translucent gate.
 13089 | D:12     | Found a runed translucent gate.
 13089 | D:12     | Noticed a nine-headed hydra
 13089 | D:12     | Noticed a 12-headed hydra
 13090 | D:12     | Noticed komi's ghost (journeyman BaMo)
 13175 | D:12     | Noticed a seven-headed hydra
 13185 | D:12     | Killed a seven-headed hydra
 13186 | D:12     | Reached skill level 15 in Necromancy
 13263 | D:12     | Learned a level 1 spell: Apportation
 13506 | Lair:1   | Entered Level 1 of the Lair of Beasts
 13568 | Lair:1   | Noticed a boulder beetle
 13575 | Lair:1   | Killed a boulder beetle
 13589 | Lair:1   | Reached skill level 9 in Spellcasting
 13598 | Lair:1   | Noticed Amaemon
 13606 | Lair:1   | Killed Amaemon
 13754 | Lair:1   | Noticed Nergalle
 13768 | Lair:1   | Killed Nergalle
 13943 | Lair:1   | Identified the +0 chain mail "Xuej" {rPois}
 13948 | Lair:1   | Noticed Fannar
 13955 | Lair:1   | Killed Fannar
 14003 | Lair:1   | Noticed a death yak
 14004 | Lair:1   | Noticed a seven-headed hydra
 14009 | Lair:1   | Killed a seven-headed hydra
 14009 | Lair:1   | Reached ***** piety under Kikubaaqudgha
 14010 | Lair:1   | Killed a death yak
 14129 | Lair:2   | Found a staircase to the Snake Pit.
 14187 | Lair:2   | Found a staircase to the Swamp.
 14233 | Lair:2   | Found a dark tunnel.
 14302 | Volcano  | Entered a volcano
 14361 | Volcano  | Gained mutation: You are strongly in touch with the powers
                  | of death. [Mummy growth]
 14361 | Volcano  | Reached XP level 13. HP: 97/100 MP: 26/26
 14399 | Volcano  | Reached skill level 5 in Earth Magic
 14400 | Volcano  | Found a bloodstained altar of Trog.
 14547 | Volcano  | Reached skill level 10 in Spellcasting
 15182 | Lair:3   | Found a frozen archway.
 15243 | IceCv    | Entered an ice cave
 15273 | IceCv    | Learned a level 4 spell: Anguish
 15536 | IceCv    | Reached skill level 1 in Shields
 15925 | Lair:3   | Identified 2 scrolls of acquirement
 16014 | Lair:3   | Found a blossoming altar of Fedhas.
 16094 | Lair:3   | Acquired the +3 buckler of the Equator {Fly rElec rN++
                  | Stlth-}
 16112 | Lair:3   | Acquired 850 gold pieces
 16184 | Lair:4   | Reached skill level 11 in Spellcasting
 16218 | Lair:4   | Found a staircase to the Slime Pits.
 16219 | Lair:4   | Found a viscous altar of Jiyva.
 16229 | Lair:4   | Reached skill level 10 in Fighting
 16421 | Lair:4   | Reached XP level 14. HP: 110/110 MP: 24/29
 16583 | Lair:5   | Entered Level 5 of the Lair of Beasts
 16643 | Lair:5   | Reached skill level 1 in Hexes
 16694 | Lair:5   | Reached ****** piety under Kikubaaqudgha
 16911 | Lair:5   | Identified the +7 broad axe "Fecwock" {speed, Will+ rCorr
                  | Str+3}
 17072 | Lair:5   | Found a large runed translucent door.
 17072 | Lair:5   | Found a large runed translucent door.
 17499 | Orc:1    | Entered Level 1 of the Orcish Mines
 17593 | Orc:2    | Entered Level 2 of the Orcish Mines
 17614 | Orc:2    | Reached skill level 12 in Spellcasting
 17622 | Orc:2    | Found a staircase to the Elven Halls.
 17724 | Orc:2    | Noticed an orc warlord
 17734 | Orc:2    | Killed an orc warlord
 17844 | Orc:2    | Noticed an orc warlord
 17855 | Orc:2    | Killed an orc warlord
 17863 | Orc:2    | Reached XP level 15. HP: 71/118 MP: 3/31
 18417 | Orc:2    | Found Runaez's General Store.
 18425 | Orc:2    | Found Taul's Antique Weapon Boutique.
 18427 | Orc:2    | Found Erhommaenn's Book Boutique.
 18464 | Orc:2    | Found Tetearr's Antique Armour Boutique.
 18704 | Orc:2    | Bought a +6 glaive of pain for 578 gold pieces
 18722 | Orc:2    | Bought an encrusted rapier for 243 gold pieces
 18722 | Orc:2    | Identified the +6 rapier of the Crafting Gods {freeze,
                  | Stlth+} (You bought it in a shop on level 2 of the Orcish
                  | Mines)
 18738 | Orc:2    | Bought a shiny helmet for 180 gold pieces
 18998 | Lair:2   | Learned a level 6 spell: Simulacrum
 18999 | Swamp:1  | Entered Level 1 of the Swamp
 18999 | Swamp:1  | Noticed a fenstrider witch
 19024 | Snake:1  | Entered Level 1 of the Snake Pit
 19134 | Snake:1  | Reached skill level 1 in Armour
 19160 | Snake:1  | Found Xouxy's Jewellery Shoppe.
 19166 | Snake:1  | Reached skill level 1 in Ice Magic
 19383 | Snake:1  | Found Qukki's Vocational Training.
 19409 | Snake:1  | Reached skill level 5 in Shields
 19607 | Snake:2  | Noticed a nagaraja
 19616 | Snake:2  | Killed a nagaraja
 19747 | Snake:2  | Found Usaorheh's Book Emporium.
 19750 | Snake:2  | Found Ziagoxta's Distillery.
 19750 | Snake:2  | Found Dejad's Antique Armour Emporium.
 19758 | Snake:2  | Found Quxtaom's Antique Weapon Shoppe.
 19777 | Snake:2  | Bought a runed cloak for 300 gold pieces
 19777 | Snake:2  | Bought a slimy helmet for 380 gold pieces
 19777 | Snake:2  | Identified the +1 helmet "Sonipn" {-Tele rC+ Regen+} (You
                  | bought it in a shop on level 2 of the Snake Pit)
 19791 | Snake:2  | Bought a book of Misfortune for 336 gold pieces
 19791 | Snake:2  | Bought a book of Death for 528 gold pieces
 20027 | Snake:3  | Found a runed translucent door.
 20027 | Snake:3  | Noticed Meok's ghost (adept MiFi)
 20084 | Snake:3  | Killed Meok's ghost
 20134 | Snake:3  | Reached skill level 13 in Spellcasting
 20134 | Snake:3  | Reached skill level 5 in Hexes
 20186 | Snake:3  | Found Pum Boimu's Book Emporium.
 20188 | Snake:3  | Found Imatiodi's Jewellery Shop.
 20189 | Snake:3  | Found Eleuzogi's Book Emporium.
 20560 | Snake:3  | Found Hanoist's Humungous Hoard.
 20769 | Snake:3  | Noticed a nagaraja
 20782 | Snake:3  | Killed a nagaraja
 20783 | Snake:3  | Reached skill level 10 in Dodging
 21024 | Snake:4  | Entered Level 4 of the Snake Pit
 21072 | Snake:4  | Reached XP level 16. HP: 121/127 MP: 31/33
 21190 | Snake:4  | Identified the +8 spear of the Hammering Seer {flame,
                  | rCorr}
 21232 | Snake:4  | Identified the +8 flail "Zycruje" {freeze, rElec rPois rF-
                  | Int+2}
 21937 | Snake:4  | Got a serpentine rune of Zot
 22036 | Snake:4  | Identified a +3 trident of pain (a +1 trident of flaming
                  | bloodied by Kikubaaqudgha)
 22036 | Snake:4  | Received a gift from Kikubaaqudgha
 22285 | Swamp:1  | Reached skill level 14 in Spellcasting
 22297 | Swamp:1  | Noticed Louise
 22302 | Swamp:1  | Identified the +6 morningstar "Hofestri" {drain, rF+ Int+4}
 22303 | Swamp:1  | Noticed Twinkles's ghost (adept BaHs)
 22305 | Swamp:1  | Killed Louise
 22306 | Swamp:1  | Reached XP level 17. HP: 79/134 MP: 5/35
 22338 | Swamp:1  | Noticed Josephine
 22343 | Swamp:1  | Killed Josephine
 22348 | Swamp:1  | Found a runed translucent gate.
 22356 | Swamp:1  | Found a runed translucent gate.
 22356 | Swamp:1  | Found a runed translucent gate.
 22374 | Swamp:1  | Killed Twinkles's ghost
 22376 | Swamp:1  | Reached skill level 5 in Armour
 22558 | Swamp:1  | Noticed Frances
 22574 | Swamp:1  | Killed Frances
 22575 | Swamp:1  | Reached skill level 5 in Ice Magic
 22668 | Swamp:2  | Noticed Kirke
 22672 | Swamp:2  | Killed Kirke
 22760 | Swamp:2  | Noticed Aizul
 22764 | Swamp:2  | Killed Aizul
 22940 | Swamp:3  | Reached skill level 1 in Summonings
 22954 | Swamp:3  | Acquired the scarf of Spite {shadows, Str+2 Int+3 Dex+5}
 22978 | Swamp:3  | Noticed a tentacled monstrosity
 22983 | Swamp:3  | Killed a tentacled monstrosity
 23327 | Swamp:4  | Entered Level 4 of the Swamp
 23485 | Swamp:4  | Identified the +0 helmet of Kioniat {Str+4}
 23502 | Swamp:4  | Noticed Nikola
 23507 | Swamp:4  | Killed Nikola
 23614 | Swamp:4  | Identified Roxanne's Codex of Transfiguration
 23614 | Swamp:4  | Noticed Roxanne
 23628 | Swamp:4  | Killed Roxanne
 23669 | Swamp:4  | Noticed the 27-headed Lernaean hydra
 23677 | Swamp:4  | Killed the 27-headed Lernaean hydra
 23714 | Swamp:4  | Reached XP level 18. HP: 96/143 MP: 2/36
 23815 | Swamp:4  | Got a decaying rune of Zot
 24235 | D:13     | Found a gate to the Vaults.
 24469 | D:13     | Noticed Jorgrun
 24477 | D:13     | Killed Jorgrun
 24788 | D:14     | Reached skill level 15 in Spellcasting
 25099 | D:15     | Entered Level 15 of the Dungeon
 25428 | D:15     | Found Kesoomoo's Assorted Antiques.
 25466 | D:15     | Found a staircase to the Depths.
 25640 | D:15     | Identified the +7 halberd of Day {heavy, rElec Will+ Str+4}
 25951 | Elf:1    | Entered Level 1 of the Elven Halls
 25955 | Elf:1    | Paralysed by an air elemental for 1 turns
 26068 | Elf:1    | Reached skill level 10 in Earth Magic
 26384 | Elf:1    | Paralysed by an air elemental for 1 turns
 26533 | Elf:1    | Paralysed by an air elemental for 1 turns
 26799 | Elf:1    | Found Waapot's Distillery.
 26799 | Elf:1    | Found Onemo's Armour Boutique.
 27177 | Snake:3  | Bought a manual of Fighting for 1280 gold pieces
 27497 | Elf:2    | Reached XP level 19. HP: 82/150 MP: 4/38
 27571 | Elf:1    | Learned a level 8 spell: Infestation
 27579 | Elf:1    | Learned a level 7 spell: Haunt
 27791 | Vaults:1 | Entered Level 1 of the Vaults
 28405 | Vaults:1 | Reached skill level 5 in Summonings
 28656 | Vaults:1 | You are sucked into a shaft and drop 1 floor!
 28878 | Vaults:2 | Reached skill level 16 in Spellcasting
 29177 | Vaults:2 | Found a staircase to the Crypt.
 29371 | Vaults:1 | Reached XP level 20. HP: 140/160 MP: 34/40
 29385 | Vaults:1 | Identified the +0 robe of the Frog {rElec rC- Regen+}
 30086 | Vaults:3 | Reached skill level 15 in Fighting
 30175 | Vaults:3 | Reached skill level 1 in Polearms
 31001 | Vaults:4 | Reached skill level 10 in Hexes
 32315 | Elf:2    | Reached XP level 21. HP: 146/170 MP: 17/41
 32424 | Elf:2    | Reached skill level 17 in Spellcasting
 32446 | Elf:2    | Found a runed translucent gate.
 32446 | Elf:2    | Found a runed translucent gate.
 32449 | Elf:2    | Found a runed translucent gate.
 32707 | Elf:3    | Entered Level 3 of the Elven Halls
 32873 | Elf:3    | Identified the +4 dagger "Fuimeb" {flame, Str+4}
 33531 | Elf:3    | Identified the amulet of Bijou {Faith Int+3}
 33560 | Elf:3    | Identified the +3 battleaxe "Arous" {venom, Dex+3}
 33777 | Elf:3    | Identified the +0 scale mail of Ejeguzetya {Dex+2 Stlth+}
 34274 | Snake:3  | Bought a book of Touch for 286 gold pieces
 34279 | Snake:3  | Learned a level 4 spell: Dispel Undead
 34283 | Snake:3  | Bought an Inescapable Atlas for 512 gold pieces
 34287 | Snake:3  | Learned a level 2 spell: Blink
 34663 | Crypt:1  | Entered Level 1 of the Crypt
 34814 | Crypt:1  | Reached skill level 1 in Translocations
 35020 | Crypt:1  | Reached XP level 22. HP: 165/180 MP: 15/43
 35038 | Crypt:1  | Learned a level 1 spell: Apportation
 35709 | Crypt:2  | Reached skill level 5 in Polearms
 35843 | Crypt:3  | Entered Level 3 of the Crypt
 35918 | Crypt:3  | Noticed a dread lich
 35921 | Crypt:3  | Killed a dread lich
 35927 | Crypt:3  | Noticed an ancient lich
 35933 | Crypt:3  | Killed an ancient lich
 36049 | Crypt:3  | Found a staircase to the Tomb.
 36181 | Crypt:3  | Reached skill level 18 in Spellcasting
 36208 | Crypt:3  | Reached skill level 10 in Armour
 36222 | Crypt:3  | Found an ancient bone altar of Kikubaaqudgha.
 36244 | Crypt:3  | Noticed Jory
 36255 | Crypt:3  | Killed Jory
 36819 | Crypt:3  | Reached XP level 23. HP: 188/189 MP: 29/45
 37087 | Tomb:1   | Entered Level 1 of the Tomb of the Ancients
 37193 | Tomb:1   | Noticed Boris
 37196 | Tomb:1   | Killed Boris
 37227 | Tomb:1   | Noticed Mennas
 37239 | Tomb:1   | Killed Mennas
 37418 | Tomb:1   | Identified the +1 arbalest of Armageddon {freeze, rCorr
                  | Str-4 Dex+5 SInv}
 38037 | Depths:1 | Entered Level 1 of the Depths
 38072 | Depths:1 | Noticed Margery
 38083 | Depths:1 | Reached skill level 5 in Translocations
 38083 | Depths:1 | Killed Margery
 38089 | Depths:1 | Found a gateway to Hell.
 38111 | Depths:1 | Found a one-way gate to the infinite horrors of the Abyss.
 39348 | Depths:2 | Found a one-way gate leading to the halls of Pandemonium.
 39428 | Depths:2 | Reached XP level 24. HP: 199/199 MP: 33/45
 39440 | Depths:2 | Reached skill level 19 in Spellcasting
 39535 | Depths:2 | Found a sparkling altar of Nemelex Xobeh.
 39542 | Depths:2 | Found a one-way gateway to a ziggurat.
 39870 | Depths:2 | Found the +2 hat of the Bear Spirit {Spirit, Bear, *Rage
                  | Will++}
 40023 | Depths:3 | Identified the +1 shortbow "Lufuih" {flame, rElec rCorr
                  | Dex-3 SInv}
 40094 | Depths:3 | Found Gozag's Antique Weapon Shoppe.
 40096 | Depths:3 | Noticed Parghit
 40100 | Depths:3 | Killed Parghit
 40108 | Depths:3 | Found Gozag's Assorted Antiques.
 40111 | Depths:3 | Found an opulent altar of Gozag.
 40112 | Depths:3 | Found Gozag's Antique Armour Shoppe.
 40231 | Depths:3 | Noticed Frederick
 40237 | Depths:3 | Killed Frederick
 40497 | Depths:3 | Your ally Frederick died
 41105 | Snake:3  | Bought a manual of Hexes for 1440 gold pieces
 41145 | Snake:3  | Bought a book of the Dragon for 598 gold pieces
 41742 | Depths:4 | Entered Level 4 of the Depths
 41882 | Depths:4 | Reached skill level 10 in Summonings
 42038 | Depths:4 | Noticed an ancient lich
 42047 | Depths:4 | Killed an ancient lich
 42331 | Depths:4 | Found a gate to the Realm of Zot.
 42348 | Depths:4 | Got Gaetooco's Secrets of the Twisted Lungs
 43030 | Depths:4 | Learned a level 7 spell: Enfeeble
 43031 | Depths:4 | Voluntarily entered the Abyss.
 43087 | Abyss:3  | Found a corrupted altar of Lugonu.
 43490 | Abyss:3  | Reached XP level 25. HP: 201/208 MP: 11/46
 43508 | Abyss:3  | Paralysed by accursed screaming for 1 turns
 43517 | Abyss:3  | Reached skill level 20 in Spellcasting
 43527 | Abyss:3  | Got an abyssal rune of Zot
 43727 | Depths:4 | Escaped the Abyss
 44118 | Slime:1  | Entered Level 1 of the Pits of Slime
 44139 | Slime:1  | Reached skill level 15 in Dodging
 45458 | Slime:5  | Entered Level 5 of the Pits of Slime
 45546 | Slime:5  | Noticed the Royal Jelly
 46102 | Slime:5  | Killed the Royal Jelly
 46103 | Slime:5  | Reached skill level 15 in Hexes
 46121 | Slime:5  | Identified the amulet "Piplal" {Harm rElec Will+++ Regen+
                  | Str-5}
 46126 | Slime:5  | Identified the +6 mace of Cixoulori {protect, rPois rF+
                  | Will-}
 46135 | Slime:5  | Identified the +2 robe of Zeetzul {Contam Fly Dex+4 SInv}
 46139 | Slime:5  | Identified the +1 dagger "Elanirar" {freeze, +Blink rPois
                  | Will+ rCorr}
 46151 | Slime:5  | Got a slimy rune of Zot
 46152 | Slime:5  | Identified the ring of Xom's Ringing Laughter {rC+ Will+
                  | MP+9}
 46175 | Slime:5  | Got the Excursus on Coarse Nephomancy
 46188 | Slime:5  | Identified the +4 chain mail "Tiolap" {SInv}
 46223 | Slime:5  | Identified the +5 shortbow of the Shimmering Gods {elec,
                  | rPois Dex+3}
 46233 | Slime:5  | Upgraded the game from 0.30-a0-900-g23479c02f2 to
                  | 0.30-a0-913-g9934a0ce24
 46647 | Hell     | Entered the Vestibule of Hell
 46647 | Hell     | Noticed Geryon
 46687 | Hell     | Killed Geryon
 46938 | Zot:1    | Entered Level 1 of the Realm of Zot
 46951 | Zot:1    | Noticed an orb of fire
 46974 | Zot:1    | Learned a level 3 spell: Swiftness
 47079 | Zot:1    | Reached XP level 26. HP: 135/218 MP: 21/47
 47137 | Zot:1    | Killed an orb of fire
 47474 | Zot:1    | Reached skill level 21 in Spellcasting
 48322 | Zot:3    | Noticed an orb of fire
 48327 | Zot:3    | Killed an orb of fire
 48562 | Zot:3    | Found a runed translucent gate.
 48562 | Zot:3    | Found a runed translucent gate.
 48562 | Zot:3    | Found a runed translucent gate.
 48566 | Zot:3    | Noticed bakla's ghost (master OpWr)
 48566 | Zot:3    | Noticed Wefy's ghost (legendary GnIE)
 48567 | Zot:3    | Noticed Zeaxzic Paph's ghost (veteran OgBe)
 49043 | Zot:4    | Noticed an orb of fire
 49057 | Zot:4    | Killed an orb of fire
 49496 | Zot:4    | Reached XP level 27. HP: 167/227 MP: 5/48
 49975 | Zot:5    | Entered Level 5 of the Realm of Zot
 50096 | Zot:5    | Noticed a dread lich
 50116 | Zot:5    | Reached skill level 22 in Spellcasting
 50120 | Zot:5    | Noticed an orb of fire
 50123 | Zot:5    | Noticed an orb of fire
 50123 | Zot:5    | Noticed an orb of fire
 50123 | Zot:5    | Noticed a dread lich
 50123 | Zot:5    | Noticed an orb of fire
 50128 | Zot:5    | Noticed an orb of fire
 50131 | Zot:5    | Noticed an orb of fire
 50136 | Zot:5    | Noticed an orb of fire
 50658 | D:4      | Noticed Pikel
 50661 | D:4      | Killed Pikel
 50664 | D:4      | Found a hazy altar of Hepliaklqana.
 50797 | D:1      | Bought a scroll of blinking for 97 gold pieces
 50797 | D:1      | Bought a scroll of torment for 123 gold pieces
 51304 | Zot:5    | Killed an orb of fire
 51306 | Zot:5    | Killed an orb of fire
 51461 | Zot:5    | Noticed an orb of fire
 52157 | Vaults:5 | Entered Level 5 of the Vaults
 52175 | Vaults:5 | Reached skill level 1 in Conjurations
 52337 | Vaults:5 | Reached skill level 5 in Conjurations
 52396 | Vaults:5 | Noticed a dread lich
 52400 | Vaults:5 | Noticed a dread lich
 52406 | Vaults:5 | Killed a dread lich
 52529 | Vaults:5 | Killed a dread lich
 52580 | Vaults:5 | Learned a level 6 spell: Iron Shot
 52881 | Vaults:5 | Identified the +10 demon trident of the Gnashing Moth
                  | {venom, rPois Will- rCorr Str+6}
 53006 | Vaults:5 | Got the Secrets of Fulmination and Ensorcelling
 53030 | Vaults:5 | Identified the +9 spear "Vits" {vamp, Int+4}
 53034 | Vaults:5 | Got the Directory of Battle Magic
 53037 | Vaults:5 | Reached skill level 23 in Spellcasting
 53103 | Vaults:5 | Identified the +4 quick blade of Dowdy Cruel Justice
                  | {freeze, Dex+3}
 53275 | Vaults:5 | Got a silver rune of Zot
 54572 | Zot:4    | Killed an orb of fire
 54702 | Zot:5    | Killed a dread lich
 54779 | Zot:5    | Killed an orb of fire
 54826 | Zot:5    | Killed an orb of fire
 54874 | Zot:5    | Killed an orb of fire
 54893 | Zot:5    | Noticed an ancient lich
 54961 | Zot:5    | Killed an ancient lich
 55014 | Zot:5    | Killed a dread lich
 55052 | Zot:5    | Killed an orb of fire
 55191 | Zot:5    | Reached skill level 10 in Conjurations
 55272 | Zot:5    | Noticed an ancient lich
 55278 | Zot:5    | Killed an ancient lich
 55422 | Zot:5    | Noticed an orb of fire
 55436 | Zot:5    | Noticed an orb of fire
 55437 | Zot:5    | Noticed an orb of fire
 55816 | Zot:5    | Killed an orb of fire
 56059 | Zot:5    | Killed an orb of fire
 56167 | Zot:5    | Killed an orb of fire
 56370 | Zot:5    | Got the Orb of Zot
 56455 | Zot:1    | Noticed a seraph
 56549 | Depths:4 | Noticed Patecku the pandemonium lord
 56620 | Depths:1 | Reached skill level 1 in Air Magic
 56857 | D:4      | Noticed Ymik the pandemonium lord
 56913 | D:$      | Escaped with the Orb!

Illustrated notes

Levels and vault maps discovered:
D:1:      sevenhm_arrival_forest_fort_large_4, layout_rooms, serial_shops, shop,
          shop
D:2:      layout_rooms, chequers_ecumenical_altar_twisty, serial_shops,
          shop_statue, nicolae_wormholes
D:3:      layout_rooms, lemuel_doored_altar, cheibriados_altar_1
D:4:      layout_gridville, mainiacjoe_overflow_six_doors_small,
          old_standard_altar, dreamdust_princess_bridge, uniq_pikel,
          uniq_eustachio
D:5:      minmay_goblin_kobold_castle, layout_basic, nicolae_ashenzari_skybound,
          st_stairs_9, uniq_blork_the_orc
D:6:      layout_loops_cross, enter_ossuary_5, minmay_misc_feat_rugged,
          minmay_misc_feat_columns
D:7:      layout_basic, chequers_temple_overflow_statue_of_worship,
          minmay_temple_entry_slanted, serial_shops, shop,
          hangedman_abyss_or_decor_stabs, minmay_shop_enchanted_jewellery
D:8:      layout_loops_corners, trog_three_pillars_becter, lair_entry_dummy,
          uniq_psyche, uniq_grum
D:9:      layout_basic, mainiacjoe_overflow_paths, mainiacjoe_overflow_alcove_4,
          grunt_decor_fettered, nicolae_concentric_dashed_squares_wild
D:10:     layout_basic, hiddenorc1_lemuel, minmay_misc_feat_chi
D:11:     layout_grid_maze
D:12:     layout_loops_ring, gammafunk_ghost_hydra_chop, serial_shops,
          kennysheep_mini, chequers_serial_rivers_room_a, uniq_lodul
D:13:     layout_basic, david_vaults_5, uniq_jorgrun
D:14:     layout_cave_pools, serial_park, serial_park_square2,
          serial_park_avenue1, onia_ninara_cookie
D:15:     grunt_enter_depths_snipers, layout_irregular_city,
          chequers_serial_rivers_micro_c, serial_shops, shop,
          minmay_fractal_squares_5
Temple:   nicolae_temple_bog_church
Lair:1:   layout_small_grid, chequers_serial_rivers_room_b,
          hangedman_lair_generics_rect, uniq_nergalle, uniq_amaemon, uniq_fannar
Lair:2:   layout_regular_city, skrybe_swamp_entry_bodies, dummy_snake_entry,
          nicolae_volcano_entry_hallway, chequers_serial_rivers_small_b
Lair:3:   layout_gridlike, portal_ice_cave_entry_ice_simulacra, tgw_fedhas
Lair:4:   layout_regular_city, minmay_slime_entry_pillars,
          hangedman_lair_unloving_vines
Lair:5:   cheibrodos_lair_end_hotspot, layout_big_grid, lemuel_fruit_tree
Swamp:1:  layout_basic_swamp, gammafunk_ghost_split,
          evilmike_swamp_ruin_house_1, infiniplex_staircase_pool, uniq_frances,
          uniq_louise, uniq_josephine
Swamp:2:  layout_falls_marsh, evilmike_swamp_ruin_house_2, swamp_pool1,
          uniq_aizul, uniq_kirke
Swamp:3:  layout_basic_swamp, hangedman_swamp_pad
Swamp:4:  swamp_old_school, layout_basic_swamp, uniq_roxanne, uniq_nikola
Snake:1:  layout_concentric_octagons, serial_shops, shop, special_room,
          nicolae_shop_vocational, nicolae_triple_integral
Snake:2:  layout_misc_corridors, grunt_megastairs_2, minmay_shoptagon
Snake:3:  layout_layer_cave, hellmonk_ghost_happy_afterlife,
          nicolae_alphabet_shops, minmay_shop_grove
Snake:4:  snake_pit, layout_gridlike, nicolae_snake_storage_room
Slime:1:  layout_caves
Slime:2:  layout_caves
Slime:3:  layout_caves
Slime:4:  layout_caves
Slime:5
Orc:1:    layout_caves
Orc:2:    grunt_orc_cross, layout_caves, nicolae_orc_damp_corner
Elf:1:    layout_gridlike, hangedman_elf_represent, grunt_ministairs_4,
          minivault_14, nicolae_wooded_promenade, st_stairs_10,
          nicolae_elf_crossing_hall
Elf:2:    nicolae_elf_blades_crystal_corner, layout_gridlike, st_stairs_6,
          chequers_hall_statues_wall_a, abandoned_shop, grunt_ministairs_8
Elf:3:    grunt_elf_hall_asides, layout_gridlike
Vaults:1: vaults_room_large_hall, nicolae_vaults_arrows, v_pattern_3,
          dpeg_vaults_monster_box, nicolae_vaults_twisting_passages, v_rooms_6,
          hangedman_vaults_slice, nicolae_vaults_holding_cells,
          layout_vaults_omnibox
Vaults:2: minmay_crypt_entry_simple_round, nicolae_vaults_network_star,
          hangedman_vaults_nodes, grunt_vaults_hallway_short, st_lattice,
          v_misc_1, nicolae_vaults_network_quinsquares
          [nicolae_vaults_network_quincunx_subvault,
          nicolae_vaults_network_quincunx_subvault,
          nicolae_vaults_network_quincunx_subvault,
          nicolae_vaults_network_quincunx_subvault], ontoclasm_vaults_idyll,
          v_misc_4, vaults_room_corners, v_misc_19, vaults_mumra_lcd,
          vaults_room_grid, nicolae_vaults_rhombus_7, vaults_room_hallway,
          layout_vaults_maze_snakey
Vaults:3: v_misc_30, v_rooms_6, hangedman_vaults_restitches,
          ontoclasm_vaults_bender, dpeg_vaults_hating_casters,
          vaults_mumra_hexcomb, layout_vaults_omnigrid
Vaults:4: hangedman_vaults_unwind, ontoclasm_vaults_claustrophobia,
          ontoclasm_vaults_chip, v_misc_26, v_misc_14, v_misc_16,
          hangedman_vaults_capsules, vaults_dpeg_diagonal,
          layout_vaults_chaotic_city
Vaults:5: serial_shops
Crypt:1:  layout_rooms, grunt_crypt_arrival_split, uniq_josephina
Crypt:2:  layout_misc_corridors, grunt_megastairs_1
Crypt:3:  church_of_pain_bobbens, layout_chaotic_city,
          nicolae_tomb_entry_rubble_hallway, nicolae_crypt_crumbling_hall
Tomb:1:   uniq_mennas, uniq_boris
Depths:1: layout_honeycomb, grunt_metal_band, nrook_pool_corridor,
          abyss_entry_glasseish, minmay_fractal_squares_gapless_7
Depths:2: grunt_double_whammy, layout_gridlike, enter_ziggurat_b,
          nicolae_titane, rand_demon_pan_entry_4, hell_entry,
          serial_sigils_hangedman_gnaw, nemelex_diamond_rough_becter,
          infiniplex_staircase_pool_2
Depths:3: kennysheep_gozag_temple, layout_honeycomb, hell_entry,
          nicolae_tso_swordbearing_angel, grunt_pan_entry_sceptre,
          marbit_kobold_abyss_entry, minmay_staircase_windowed_small,
          uniq_frederick, uniq_margery, uniq_jory, uniq_parghit
Depths:4: evilmike_zot_entry_basic, layout_gridlike, special_room
          [special_room_magic_class], abyss_entry_crystal, pan_entry,
          pf_hell_entry_tar_river, serial_co_window_serial, co_window_paths_a,
          co_window_of_opportunity_a, co_window_corner_a, co_window_paths_a,
          co_window_of_opportunity_a, co_window_paths_a, co_window_paths_b,
          co_window_corner_cb, co_window_broadway_b, co_window_broadway_a,
          co_window_unsneaky_path_a, co_window_corner_cb, glass_columns_a,
          glass_columns_a, glass_columns_a, glass_columns_a,
          minmay_misc_feat_encased
Hell
Zot:1:    gammafunk_mikee_crab_dinner, layout_misc_corridors, zot_minivault_6
Zot:2:    kennysheep_blocky_room, layout_gridlike
Zot:3:    kennysheep_spiral_hall, layout_cathedral_of_symmetry,
          gammafunk_ghost_cemetery
Zot:4:    layout_onion
Zot:5:    layout_onion

Skill      XL: |  1  2  3  4  5  6  7  8  9 10 11 12 13 14 15 16 17 18 19 20 21 22 23 24 25 26 27 |
---------------+----------------------------------------------------------------------------------+-----
Spellcasting   | 3 4 5 6 8 9 11 12 13 14 15 16 17 18 19 20 21 23 | 23.0
Necromancy     | 5 6 7 8 10 11 13 14 15 16 17 18 19 20 21 22 | 22.7
Fighting       | 4 6 7 8 10 11 12 13 14 15 16 17 18 19 20 21 | 21.0
Dodging        | 3 5 6 7 8 9 10 11 12 13 14 15 16 | 16.4
Earth Magic    | 3 4 6 7 8 9 10 11 12 14 | 14.5
Shields        | 2 4 5 |  5.1
Hexes          | 3 5 6 7 8 9 10 11 12 14 15 17 | 17.3
Armour         | 3 4 6 7 8 9 10 11 12 13 | 13.9
Ice Magic      | 3 4 5 6 7 8 9 |  9.0
Summonings     | 2 4 5 6 7 8 9 10 11 12 | 12.4
Polearms       | 2 4 5 6 |  6.8
Translocations | 1 4 5 |  5.0
Conjurations   | 12 | 12.1
Air Magic      | 1 |  1.3
Stealth        | |  1.5

Action                     |  1- 3 |  4- 6 |  7- 9 | 10-12 | 13-15 | 16-18 | 19-21 | 22-24 | 25-27 || total
---------------------------+-------+-------+-------+-------+-------+-------+-------+-------+-------++-------
  Melee: Dagger            |    33 |       |    39 |       |       |       |       |       |       ||    72
         Unarmed           |     1 |       |       |       |       |       |       |       |       ||     1
         Short sword       |       |    20 |       |       |       |       |       |       |       ||    20
         Flail             |       |    27 |   221 |       |       |       |       |       |       ||   248
         Halberd           |       |       |   119 |   264 |     2 |       |       |       |       ||   385
         Punch             |       |       |     5 |       |     3 |       |       |       |       ||     8
         Staff             |       |       |       |       |    33 |    32 |     1 |     4 |     4 ||    74
         Demon whip        |       |       |       |       |    19 |       |       |       |       ||    19
         Trident           |       |       |       |       |    14 |    91 |   142 |   147 |   206 ||   600
         Broad axe         |       |       |       |       |    55 |       |       |    11 |    52 ||   118
         Spear             |       |       |       |       |       |     2 |       |       |       ||     2
         Demon trident     |       |       |       |       |       |     1 |    19 |   159 |    88 ||   267
         Morningstar       |       |       |       |       |       |     1 |       |       |    22 ||    23
   Fire: Shortbow          |       |       |       |    12 |       |       |       |       |       ||    12
         Longbow           |       |       |       |       |     7 |       |       |       |       ||     7
  Throw: Stone             |       |       |       |     1 |       |       |       |       |       ||     1
   Cast: Necrotise         |    72 |   126 |   169 |    19 |     1 |       |       |       |       ||   387
         Vampiric Draining |       |     6 |    41 |    46 |    14 |    16 |     6 |     2 |     1 ||   132
         Animate Dead      |       |     3 |    11 |    14 |    17 |    13 |    12 |     7 |    23 ||   100
         Agony             |       |     1 |    14 |    30 |     9 |     7 |     1 |       |     8 ||    70
         Cigotuvi's Dreadf |       |       |     3 |     3 |       |       |       |       |       ||     6
         Borgnjor's Vile C |       |       |       |    44 |   192 |   176 |   190 |   223 |   210 ||  1035
         Death Channel     |       |       |       |     6 |    31 |    25 |    24 |    12 |    46 ||   144
         Apportation       |       |       |       |       |    31 |    28 |    33 |    20 |    24 ||   136
         Anguish           |       |       |       |       |    21 |    33 |    19 |     2 |    15 ||    90
         Simulacrum        |       |       |       |       |    13 |   102 |    73 |    36 |   106 ||   330
         Infestation       |       |       |       |       |       |       |    45 |    98 |    92 ||   235
         Haunt             |       |       |       |       |       |       |    17 |    20 |    75 ||   112
         Dispel Undead     |       |       |       |       |       |       |    14 |    64 |    13 ||    91
         Blink             |       |       |       |       |       |       |     1 |     1 |     7 ||     9
         Enfeeble          |       |       |       |       |       |       |       |     1 |    26 ||    27
         Swiftness         |       |       |       |       |       |       |       |       |    11 ||    11
         Iron Shot         |       |       |       |       |       |       |       |       |    46 ||    46
 Invoke: Unearth Wretches  |       |       |       |     2 |     7 |     6 |     5 |     3 |    29 ||    52
         Brand Weapon With |       |       |       |       |       |     1 |       |       |       ||     1
         Torment           |       |       |       |       |       |       |     1 |       |     1 ||     2
  Evoke: Wand              |       |       |       |       |     5 |     3 |     4 |       |     8 ||    20
         Box of beasts     |       |       |       |       |     1 |       |       |       |     2 ||     3
         Phial of floods   |       |       |       |       |       |     1 |       |       |     1 ||     2
    Use: Scroll            |       |     2 |     1 |     9 |    14 |     9 |    11 |     1 |    35 ||    82
   Stab: Distracted        |       |       |     1 |     2 |     2 |     3 |     5 |     4 |     7 ||    24
         Sleeping          |       |       |       |     2 |       |       |       |       |       ||     2
         Paralysed         |       |       |       |       |     2 |       |     1 |     1 |     1 ||     5
         Fleeing           |       |       |       |       |       |       |       |       |     1 ||     1
 Armour: Robe              |     3 |     2 |       |       |     6 |    23 |       |       |       ||    34
         Leather armour    |       |    14 |   135 |    38 |       |       |       |       |       ||   187
         Troll leather arm |       |       |       |    30 |    97 |    47 |    42 |   120 |   142 ||   478
  Dodge: Dodged            |    27 |    86 |   511 |   313 |   172 |   164 |   143 |   307 |   425 ||  2148
  Block: Buckler           |       |       |       |       |    78 |    90 |    60 |   185 |   196 ||   609
         Tower shield      |       |       |       |       |       |       |       |     2 |       ||     2

Table legend: (Time is in decaauts)
 A = Elapsed time spent in this place.
 B = Non-inter-level travel time spent in this place.
 C = Inter-level travel time spent in this place.
 D = Time resting spent in this place.
 E = Time spent auto-exploring this place.
 F = Levels seen in this place.
 G = Mean time per level.
                   A        B        C        D        E       F      G
               +--------+--------+--------+--------+--------+-----+--------+
         Total |  59968 |  45096 |  14872 |   3532 |  10543 |  64 |  937.0 |
       Dungeon |  19270 |  14525 |   4745 |   1107 |   7191 |  15 | 1284.7 |
        Temple |     24 |     15 |      9 |      0 |      5 |   1 |   24.0 |
          Lair |   4088 |   2924 |   1164 |     15 |    482 |   5 |  817.6 |
         Swamp |   1805 |   1264 |    541 |     15 |      1 |   4 |  451.2 |
     Snake Pit |   4536 |   3590 |    946 |    316 |    934 |   4 | 1134.0 |
    Slime Pits |   2232 |   1677 |    555 |     53 |     80 |   5 |  446.4 |
  Orcish Mines |   1828 |   1236 |    592 |     35 |    358 |   2 |  914.0 |
   Elven Halls |   2927 |   2182 |    745 |    105 |    171 |   3 |  975.7 |
        Vaults |   6523 |   4374 |   2149 |      2 |    239 |   5 | 1304.6 |
         Crypt |   2537 |   1935 |    602 |     53 |     97 |   3 |  845.7 |
          Tomb |    621 |    507 |    114 |      0 |      0 |   1 |  621.0 |
        Depths |   5268 |   3954 |   1314 |    300 |    752 |   4 | 1317.0 |
          Hell |     77 |     77 |      0 |      0 |      0 |   1 |   77.0 |
           Zot |   6401 |   5009 |   1392 |   1331 |    232 |   5 | 1280.2 |
         Abyss |    691 |    691 |      0 |      0 |      0 |   3 |  230.3 |
       Ossuary |    333 |    333 |      0 |    151 |      0 |   1 |  333.0 |
      Ice Cave |    452 |    452 |      0 |     12 |      0 |   1 |  452.0 |
       Volcano |    346 |    346 |      0 |     37 |      0 |   1 |  346.0 |
               +--------+--------+--------+--------+--------+-----+--------+

Top non-repeatable levels by time:
     D:7: 2227 daAuts
     D:8: 2088 daAuts
   Zot:5: 1997 daAuts
   Zot:4: 1726 daAuts
    D:10: 1675 daAuts
 Snake:3: 1659 daAuts
Depths:4: 1585 daAuts
     D:5: 1561 daAuts
Vaults:5: 1462 daAuts
Depths:1: 1444 daAuts
Vaults:1: 1435 daAuts
     D:6: 1426 daAuts
    D:11: 1425 daAuts
Vaults:3: 1369 daAuts
 Crypt:3: 1296 daAuts
